 Dungeon Sprint DCSS version 0.30-a0-465-g8901f6c8b5 (webtiles) character file.

Game seed: 11297473333402441877

1446 mhtbhm the Blocker (level 8, -2/124 HPs)
             Began as a Minotaur Fighter on Dec 18, 2022.
             Was an Elder of Trog.
             Killed from afar by an air elemental (6 damage)
             ... with a stunning burst
             ... while paralysed by an air elemental
             ... in the Dungeon (Sprint V: "Ziggurat Sprint").
             The game lasted 00:02:10 (364 turns).

mhtbhm the Blocker (Minotaur Fighter)                Turns: 364, Time: 00:02:11

Health: -2/124     AC: 23    Str: 35    XL:     8   Next: 46%
Magic:  7/7        EV:  2    Int:  5    God:    Trog [****..]
Gold:   0          SH:  0    Dex: 10    Spells: 7/7 levels left

rFire   + . .      SeeInvis +    a - +14 obsidian axe {vorpal, Mesm Drain Fly SInv}
rCold   + . .      Faith    .    c - +18 shield of the Gong {rElec rN+ Will+ EV-5}
rNeg    + . .      Spirit   .    b - +5 gold dragon scales
rPois   +          Reflect  .    (helmet restricted)
rElec   +          Harm     .    (no cloak)
rCorr   .          Rampage  .    (no gloves)
Will    +....      NoTele   +    (no boots)
Stlth   ..........               (no amulet)
HPRegen 0.40/turn                A - +6 ring of strength
MPRegen 0.10/turn                B - +6 ring of strength

@: paralysed, berserking, flying, mesmerised
A: horns 2, retaliatory headbutt
a: Renounce Religion, Berserk, Trog's Hand, Brothers in Arms


You were in the Dungeon.
You worshipped Trog.
Trog was greatly pleased with you.
You visited 1 branch

Inventory:

Hand Weapons
 a - the +14 obsidian axe (weapon) {vorpal, Mesm Drain Fly SInv}
   (You found it in the Dungeon)

   It inflicts extra damage upon your enemies.
   It occasionally summons demons to assist the wielder when it strikes in
   combat.
   Its wielder is mesmerised by any visible foes.
   It cannot be unequipped while any foes are visible.
   SInv:      It lets you see invisible.
   Fly:       It grants you flight.
   Drain:     It drains your maximum health when unequipped.
 D - the +8 lance "Wyrmbane" {slay drac, rPois rF+ rC+ AC+3}
   (You found it in the Dungeon)

   It inflicts extra damage against dragons and draconians.
   AC:        It affects your AC (+3).
   rF:        It protects you from fire.
   rC:        It protects you from cold.
   rPois:     It protects you from poison.
Armour
 b - +5 gold dragon scales (worn)
 c - the +18 shield of the Gong (worn) {rElec rN+ Will+ EV-5}
   (You found it in the Dungeon)

   It is deafeningly noisy when blocking attacks.
   EV:        It affects your evasion (-5).
   rElec:     It insulates you from electricity.
   rN:        It protects you from negative energy.
   Will:      It increases your willpower.
 E - the +15 Maxwell's patent armour {-Cast -Tele rElec Will+ rCorr}
   (You found it in the Dungeon)

   rElec:     It insulates you from electricity.
   -Cast:     It prevents spellcasting.
   -Tele:     It prevents most forms of teleportation.
   rCorr:     It protects you from acid and corrosion.
   Will:      It increases your willpower.
Jewellery
 A - a +6 ring of strength (left hand)
 B - a +6 ring of strength (right hand)
Wands
 s - a wand of mindburst (7)
 t - a wand of iceblast (7)
 u - a wand of acid (7)
Scrolls
 j - 4 scrolls of blinking
 o - 4 scrolls of amnesia
 p - 7 scrolls of fog
 q - 5 scrolls of identify
 r - 2 scrolls of fear
Potions
 d - 6 potions of might
 e - 10 potions of curing
 f - 8 potions of heal wounds
 g - 6 potions of haste
 h - 7 potions of magic
 i - 3 potions of berserk rage
 k - 2 potions of brilliance
 l - 2 potions of invisibility
 m - 4 potions of resistance
 n - a potion of experience
Miscellaneous
 v - a phantom mirror
 C - a lightning rod (4/4)


   Skills:
 + Level 11.8 Fighting
 + Level 11.1 Axes
 + Level 12.0 Armour
 + Level 0.3 Stealth
 + Level 12.3 Shields


You had 7 spell levels left.
You didn't know any spells.
Your spell library was empty.

Dungeon Overview and Level Annotations

Branches:
Dungeon (1/1)

Altars:
Ashenzari
Cheibriados
Dithmenos
Elyvilon
Fedhas
Gozag
Hepliaklqana
Kikubaaqudgha
Makhleb
Nemelex Xobeh
Okawaru
Qazlal
Ru
Sif Muna
Trog
Uskayaw
Vehumet
Wu Jian
Xom
Yredelemnul
Zin
The Shining One
Jiyva
Lugonu

Annotations:
D 1 transporter


Innate Abilities, Weirdness & Mutations

You have a pair of horns on your head.
You reflexively headbutt those who attack you in melee.


Message History

Your ufetubus closely misses the deep elf pyromancer.
Your ufetubus completely misses the deep elf pyromancer.
You block the +1 battleaxe of freezing's attack.
PANG!
The +1 battleaxe of freezing hits your neqoxec!
The +1 battleaxe of freezing freezes your neqoxec.
Your neqoxec dies!
Your neqoxec disappears in a puff of smoke!
The +1 battleaxe of freezing hits your ynoxinul.
Your ynoxinul hits the +1 battleaxe of freezing.
The air elemental hits you but does no damage.
The +1 vorpal halberd hits you from afar!!
* * * LOW HITPOINT WARNING * * *
x2 Your ufetubus misses the air elemental.
Your ufetubus hits the air elemental.
The deep elf pyromancer gestures at you while chanting.
You block the sticky flame.
PTOANNNG!
Your smoke demon barely misses the deep elf pyromancer. x2
Your smoke demon hits the deep elf pyromancer.
You block the +3 hand axe of flaming's attack.
GONNNNG!
The +3 hand axe of flaming hits your ynoxinul.
The +3 hand axe of flaming burns your ynoxinul.
Your ufetubus closely misses the deep elf pyromancer.
Your ufetubus barely misses the deep elf pyromancer.
Unknown command.
You slice the deep elf pyromancer!!
You kill the deep elf pyromancer!
Trog accepts your kill.
Trog appreciates your killing of a magic user.
You slash the +1 battleaxe of freezing!
The +1 battleaxe of freezing falls from the air.
Trog accepts your kill.
You slice the +3 hand axe of flaming!!
The +3 hand axe of flaming falls from the air.
Trog accepts your kill.
You completely miss the air elemental.
The air elemental fires a burst of electricity at you.
The stunning burst hits you. You resist.
You suddenly lose the ability to move!
You die...

▓..††.▓.....▓..)..▓
▓.....▓.....▓.)©..▓
▓..©..▓..©..▓▓▓▓▓▓▓
▓▓▓▓▓▓▓▓▓▓▓▓▓▓▓▓▓▓▓
▓..8©8...▓..8©8...▓
▓...))...▓..}[[...▓
▓...=....▓..)()...▓
▓...†....▓.§))E...▓
▓........▓.53@)5..▓
▓.▓....▓.▓§▓§.35▓.▓
▓...©....▓...©....▓
▓▓▓▓▓▓▓▓▓▓▓▓▓▓▓▓▓▓▓


You could see an air elemental (mesmerising, ally target), a +1 vorpal halberd
(ally target), a friendly smoke demon (summoned), a friendly ynoxinul (summoned)
and 3 friendly ufetubi.

Vanquished Creatures
  2 dancing weapons (D)
  A deep elf pyromancer (D)
  3 toenail golems (D)
  A wolf (D)
  A bullfrog (D)
  2 necrophages (D)
  A wight (D)
  An orc priest (D)
  An orc wizard (D)
  A jackal (D)
14 creatures vanquished.

Vanquished Creatures (collateral kills)
  A necrophage (D)
  A jackal (D)
2 creatures vanquished.

Grand Total: 16 creatures vanquished

Notes
Turn   | Place    | Note
-------+----------+-------------------------------------------
     0 | D        | mhtbhm the Minotaur Fighter began the quest for the Orb.
     0 | D        | Reached XP level 1. HP: 19/19 MP: 0/0
    16 | D        | Found a shimmering blue altar of Sif Muna.
    16 | D        | Found a bloodstained altar of Trog.
    16 | D        | Found a sacrificial altar of Ru.
    16 | D        | Found a stormy altar of Qazlal.
    16 | D        | Found an iron altar of Okawaru.
    17 | D        | Found a sparkling altar of Nemelex Xobeh.
    17 | D        | Found a blossoming altar of Fedhas.
    17 | D        | Found the +6 Majin-Bo {vamp, MP+6 Int+6}
    17 | D        | Found the +27 heavy crossbow "Sniper" {vorpal, Acc+∞ SInv}
    17 | D        | Found the +10 dark maul {vorpal}
    17 | D        | Found the +15 Maxwell's patent armour {-Cast -Tele rElec
                  | Will+ rCorr}
    17 | D        | Found the +18 shield of the Gong {rElec rN+ Will+ EV-5}
    17 | D        | Found the +14 obsidian axe {vorpal, Mesm Drain Fly SInv}
    17 | D        | Found the +7 great mace "Firestarter" {inner flame, rF++}
    17 | D        | Found the +6 shillelagh "Devastator" {shatter}
    17 | D        | Found the +11 plutonium sword {Contam Stlth-}
    17 | D        | Found the +8 lance "Wyrmbane" {slay drac, rPois rF+ rC+
                  | AC+3}
    17 | D        | Found the +9 sword of Zonguldrok {reap}
    17 | D        | Found the +13 scythe of Curses {drain, Drain}
    17 | D        | Found the +5 sword of Power {vorpal}
    17 | D        | Found the +7 mace of Variability {chain chaos}
    17 | D        | Found the +7 Singing Sword {vorpal, sonic wave}
    17 | D        | Found the +8 storm bow {elec, penet}
    19 | D        | Found a transporter.
    19 | D        | Found an ancient bone altar of Kikubaaqudgha.
    19 | D        | Found a viscous altar of Jiyva.
    19 | D        | Found a corrupted altar of Lugonu.
    19 | D        | Found a hazy altar of Hepliaklqana.
    19 | D        | Found a burning altar of Makhleb.
    19 | D        | Found an opulent altar of Gozag.
   171 | D        | Became a worshipper of Trog the Wrathful
   184 | D        | Entered arena 2.
   184 | D        | Noticed an orc priest
   184 | D        | Noticed an orc wizard
   184 | D        | Found a transporter.
   188 | D        | Killed an orc priest
   189 | D        | Reached skill level 5 in Fighting
   189 | D        | Reached skill level 5 in Armour
   189 | D        | Reached skill level 5 in Shields
   189 | D        | Reached XP level 2. HP: 29/29 MP: 1/1
   189 | D        | Reached XP level 3. HP: 36/36 MP: 2/2
   189 | D        | Reached * piety under Trog
   295 | D        | Entered arena 3.
   295 | D        | Noticed a toenail golem
   295 | D        | Noticed a toenail golem
   295 | D        | Noticed a toenail golem
   295 | D        | Found a transporter.
   300 | D        | Killed a toenail golem
   301 | D        | Reached XP level 4. HP: 45/50 MP: 3/3
   301 | D        | Reached XP level 5. HP: 51/57 MP: 4/4
   301 | D        | Reached XP level 6. HP: 58/64 MP: 5/5
   303 | D        | Killed a toenail golem
   304 | D        | Reached skill level 10 in Fighting
   304 | D        | Reached skill level 10 in Armour
   304 | D        | Reached skill level 10 in Shields
   304 | D        | Reached XP level 7. HP: 57/73 MP: 6/6
   305 | D        | Killed a toenail golem
   305 | D        | Reached ** piety under Trog
   306 | D        | Reached skill level 10 in Axes
   306 | D        | Reached XP level 8. HP: 65/82 MP: 7/7
   309 | D        | Got the ring "Biliazat" {Ice Will+ Str+4 Int-2}
   313 | D        | Entered arena 4.
   313 | D        | Found the +8 longbow "Zephyr" {speed, Dex+3 SInv}
   313 | D        | Found a transporter.
   317 | D        | Reached *** piety under Trog
   325 | D        | Entered arena 5.
   325 | D        | Found a transporter.
   331 | D        | Reached **** piety under Trog
   358 | D        | Entered arena 6.
   358 | D        | Noticed an air elemental
   358 | D        | Noticed a +1 vorpal halberd
   358 | D        | Noticed a deep elf pyromancer
   358 | D        | Noticed a +1 battleaxe of freezing
   358 | D        | Noticed a +3 hand axe of flaming
   358 | D        | Found a transporter.
   363 | D        | HP: 6/124 [+1 vorpal halberd (21)]
   364 | D        | Killed a deep elf pyromancer
   364 | D        | Killed a +1 battleaxe of freezing
   364 | D        | Killed a +3 hand axe of flaming
   364 | D        | Paralysed by an air elemental for 1 turns
   364 | D        | Killed from afar by an air elemental

Illustrated notes

Levels and vault maps discovered:
D:        sprint_v [room_start, room_1, room_2, room_3, room_4, room_5, room_6,
          room_7, room_8, room_9, room_10, room_11, room_12, room_13, room_14,
          room_15, room_16, room_17, room_18, room_19, room_20, room_21,
          room_22, room_23, room_24, room_25, room_26, room_27]

Skill      XL: |  1  2  3  4  5  6  7  8 |
---------------+-------------------------+-----
Fighting       | 5 9 10 11 | 11.8
Axes           | 3 7 9 10 11 | 11.1
Armour         | 5 9 10 11 12 | 12.0
Shields        | 5 9 10 11 12 | 12.3
Stealth        | |  0.3

Action                   |  1- 3 |  4- 6 |  7- 9 || total
-------------------------+-------+-------+-------++-------
Melee: Broad axe         |     7 |     2 |    10 ||    19
       Headbutt          |     1 |     1 |     1 ||     3
Invok: Berserk           |       |       |     1 ||     1
  Use: Potion            |     1 |       |     1 ||     2
 Stab: Distracted        |       |       |     1 ||     1
Armor: Gold dragon scale |     7 |     1 |    10 ||    18
Dodge: Dodged            |       |       |     1 ||     1
Block: Kite shield       |    10 |     5 |    26 ||    41

Table legend: (Time is in decaauts)
 A = Elapsed time spent in this place.
 B = Non-inter-level travel time spent in this place.
 C = Inter-level travel time spent in this place.
 D = Time resting spent in this place.
 E = Time spent auto-exploring this place.
 F = Levels seen in this place.
 G = Mean time per level.
                   A        B        C        D        E       F      G
               +--------+--------+--------+--------+--------+-----+--------+
         Total |    369 |    369 |      0 |    204 |      0 |   1 |  369.0 |
       Dungeon |    369 |    369 |      0 |    204 |      0 |   1 |  369.0 |
               +--------+--------+--------+--------+--------+-----+--------+

Top non-repeatable levels by time:
       D: 369 daAuts
